 Dungeon Crawl Stone Soup version 0.28-a0-535-g6f645e4c1d (webtiles) character file.

Game seed: 12305779388695760739

17762 Spaninq the Severer (level 12, -4/112 HPs)
             Began as a Hill Orc Abyssal Knight on Sept 26, 2021.
             Was a High Priest of Lugonu.
             Slain by an entropy weaver simulacrum (15 damage)
             ... in an ice cave.
             The game lasted 00:40:54 (17060 turns).

Spaninq the Severer (Hill Orc Abyssal Knight)      Turns: 17060, Time: 00:40:55

Health: -4/112     AC: 19    Str: 21    XL:     12   Next: 51%
Magic:  20/20      EV: 12    Int: 10    God:    Lugonu [*****.]
Gold:   488        SH:  0    Dex: 11    Spells: 11/11 levels left

rFire   + . .      SeeInvis .   D - +3 executioner's axe (flame)
rCold   . . .      Faith    .   (shield currently unavailable)
rNeg    . . .      Spirit   .   g - +1 chain mail {rF+}
rPois   .          Reflect  .   (no helmet)
rElec   .          Harm     .   m - +2 cloak
rCorr   .          Rampage  .   j - +0 pair of gloves
Will    .....                   A - +1 pair of boots {Stlth+}
Stlth   ..........              f - amulet of the acrobat
HPRegen 0.28/turn               y - +4 ring of evasion
MPRegen 0.17/turn               q - +4 ring of slaying

@: studying Translocations
A: no striking features
a: Renounce Religion, Depart the Abyss, Bend Space, Banish, Corrupt, Enter the
Abyss


You were in an ice cave.
You worshipped Lugonu.
Lugonu was extremely pleased with you.
You visited 3 branches of the dungeon, and saw 12 of its levels.
You visited the Abyss 1 time.
You also visited: Ossuary and Ice Cave.

You collected 719 gold pieces.
You spent 231 gold pieces at shops.

Inventory:

Hand Weapons
 k - a +3 hand axe of electrocution
 B - a +1 hand axe of flaming
 D - a +3 executioner's axe of flaming (weapon)
Missiles
 v - 3 throwing nets
Armour
 d - a +0 tower shield
 g - a +1 chain mail of fire resistance (worn)
 j - a +0 pair of gloves (worn)
 m - a +2 cloak (worn)
 A - a +1 pair of boots of stealth (worn)
Jewellery
 f - an amulet of the acrobat (around neck)
 q - a +4 ring of slaying (right hand)
 y - a +4 ring of evasion (left hand)
Wands
 i - a wand of iceblast (10)
 n - a wand of polymorph (10)
 s - a wand of digging (11)
 t - a wand of acid (20)
 u - a wand of mindburst (13)
Scrolls
 b - 3 scrolls of teleportation
 p - a scroll of brand weapon
 z - 8 scrolls of identify
 F - a scroll of fog
Potions
 a - a potion of brilliance
 c - 3 potions of might
 e - 3 potions of mutation
 l - 4 potions of attraction
 o - 4 potions of curing
 r - a potion of ambrosia
 w - a potion of resistance
 x - 2 potions of cancellation
 C - a potion of invisibility


   Skills:
 + Level 12.1 Fighting
 * Level 17.5 Axes
 - Level 9.4 Armour
 - Level 0.7 Dodging
 - Level 10.8 Invocations


You had 11 spell levels left.
You didn't know any spells.
Your spell library contained the following spells:

 Spells                   Type           Power      Damage    Failure   Level
 Summon Small Mammal      Summ           0%         N/A       95%         1
 Ensorcelled Hibernation  Hex/Ice        0%         N/A       98%         2
 Passwall                 Tmut/Erth      0%         N/A       98%         2
 Slow                     Hex            0%         N/A       98%         2
 Call Canine Familiar     Summ           0%         N/A       100%        3
 Confusing Touch          Hex            0%         N/A       100%        3
 Gell's Gravitas          Tloc           0%         N/A       100%        3
 Lesser Beckoning         Tloc           0%         N/A       100%        3
 Summon Guardian Golem    Hex/Summ       0%         N/A       100%        3
 Swiftness                Air            0%         N/A       100%        3
 Teleport Other           Tloc           0%         N/A       100%        3
 Tukima's Dance           Hex            0%         N/A       100%        3
 Vampiric Draining        Necr           0%         2d6       100%        3
 Invisibility             Hex            0%         N/A       100%        6


Dungeon Overview and Level Annotations

Branches:
Dungeon (9/15)             Temple (1/1) D:6            Lair (2/6) D:9
    Orc (0/2) D:9         Ossuary (visited)           IceCv (1/1)
  Swamp: Lair:2-4    Shoals: Lair:2-4     Snake: Lair:2-4    Spider: Lair:2-4

Altars:
Ashenzari
Cheibriados
Dithmenos
Elyvilon
Fedhas
Gozag
Hepliaklqana
Kikubaaqudgha
Nemelex Xobeh
Okawaru
Qazlal
Ru
Sif Muna
Trog
Uskayaw
Vehumet
Wu Jian
Xom
Yredelemnul
Zin

Shops:
D:4 [   D:5 *   D:9 !(

Annotations:
D:7 corrupted


Message History

Lugonu accepts your kill.
You closely miss the ice devil. The ice devil misses you.
You barely miss the ice devil. The ice devil barely misses you.
You barely miss the ice devil. The ice devil barely misses you.
You slash the ice devil! You burn the ice devil.
The ice devil is heavily wounded.
The ice devil hits you but does no damage.
You slice the ice devil!! You burn the ice devil!!
You kill the ice devil!
Lugonu accepts your kill.
You start resting.
A death yak simulacrum comes into view.
You start resting.
An entropy weaver simulacrum is nearby!
You slash the entropy weaver simulacrum!
You melt the entropy weaver simulacrum.
The entropy weaver simulacrum is moderately damaged.
The entropy weaver simulacrum hits you!
The entropy weaver simulacrum freezes you!!
The entropy weaver simulacrum hits you but does no damage.
The entropy weaver simulacrum barely misses you.
The entropy weaver simulacrum completely misses you.
Okay, then.
Okay, then.
You closely miss the entropy weaver simulacrum.
The entropy weaver simulacrum is moderately damaged.
The entropy weaver simulacrum misses you.
The entropy weaver simulacrum barely misses you.
The entropy weaver simulacrum hits you but does no damage. x2
You barely miss the entropy weaver simulacrum.
The entropy weaver simulacrum is moderately damaged.
The entropy weaver simulacrum hits you but does no damage.
The entropy weaver simulacrum closely misses you.
The entropy weaver simulacrum hits you!
The entropy weaver simulacrum freezes you!!
* * * LOW HITPOINT WARNING * * *
The entropy weaver simulacrum hits you.
* * * LOW HITPOINT WARNING * * *
The entropy weaver simulacrum freezes you!
You die...
Z

##..4 ##...# § .#.4 ##..#
####§ ##... ##..##
..§§§##... #..## ..§.§§..☼
####..#### ........###
###.#....#.#
##Z○.####..........#
#..§###............#
####.##Z@.............#
#.........#..........##
...Z......#.###..........#
...##..###### ##........##
.. ##. #####...## #. #####
.. ..


You could see an entropy weaver simulacrum.

Vanquished Creatures
  A hydra (Lair:1)
  A centaur warrior (D:9)
  3 death yaks (D:8)
  Nergalle (Lair:1)
  Pikel (D:5)
  A black mamba (Lair:1)
  Maurice (D:9)
  2 ice statues (IceCv)
  2 cane toads (Lair:1)
  A freezing wraith (IceCv)
  2 rime drakes (Lair:1)
  Psyche (D:8)
  4 ice devils (IceCv)
  A polar bear (Lair:2)
  3 blink frogs (Lair:1)
  12 yaks
  2 basilisks (Lair:1)
  Menkaure (D:7)
  9 water moccasins
  Duvessa (D:7)
  3 orc warriors (D:9)
  2 black bears
  A necrophage (D:6)
  3 ogres
  3 sky beasts
  A hornet zombie (D:6)
  3 ice beasts
  4 wolves (Lair:1)
  2 lemures (D:5)
  4 kobold brigands
  An elf zombie (Ossuary)
  5 bullfrogs
  3 scorpions
  Dowan (D:7)
  A two-headed ogre simulacrum (IceCv)
  A water moccasin zombie (D:5)
  7 killer bees
  An elephant simulacrum (IceCv)
  9 wights
  A howler monkey (D:5)
  4 centaur zombies
  2 centaur skeletons
  2 orc priests
  3 human zombies (Ossuary)
  A gnoll shaman (D:7)
  4 hounds
  8 iguanas
  An orc wizard (D:9)
  A spriggan simulacrum (IceCv)
  2 troll simulacra (IceCv)
  A wolf simulacrum (IceCv)
  A hound zombie (Ossuary)
  A hound skeleton (D:5)
  4 mummies
  8 adders
  3 gnolls (D:7)
  2 howler monkey skeletons
  A naga simulacrum (IceCv)
  A shadow imp (D:7)
  4 white imps
  An ufetubus (IceCv)
  2 adder zombies (Ossuary)
  3 worms (D:3)
  2 dart slugs
  25 orcs
  10 ball pythons
  7 endoplasms
  2 giant cockroaches (D:2)
  2 hobgoblins
  14 jackals (D:1)
  11 kobolds
  3 quokkas
  8 bats
  7 frilled lizards
  9 goblins
  4 goblin zombies (Ossuary)
  3 hobgoblin zombies (Ossuary)
  6 jackal zombies (Ossuary)
  2 kobold zombies (Ossuary)
  An orc zombie (Ossuary)
  2 quokka zombies (Ossuary)
  4 rats
  7 rat zombies (Ossuary)
295 creatures vanquished.

Vanquished Creatures (others)
  Harold (D:7)
  A black bear (D:7)
  A kobold brigand (D:7)
  A bullfrog (D:7)
  An orc wizard (D:7)
  3 kobolds (D:7)
  3 fungi (Lair:1)
  5 plants
  2 starspawn tentacles (D:7)
18 creatures vanquished.

Grand Total: 313 creatures vanquished

Notes
Turn   | Place    | Note
-------+----------+-------------------------------------------
     0 | Abyss:1  | Spaninq the Hill Orc Abyssal Knight began the quest for the
                  | Orb.
     0 | Abyss:1  | Reached XP level 1. HP: 19/19 MP: 2/2
    23 | D:1      | Escaped the Abyss
    65 | D:1      | Reached skill level 3 in Axes
   154 | D:1      | Reached XP level 2. HP: 27/27 MP: 3/3
   321 | D:1      | Reached ** piety under Lugonu
   329 | D:1      | Reached XP level 3. HP: 20/33 MP: 4/4
   880 | D:2      | Reached skill level 4 in Axes
  1171 | D:2      | Reached XP level 4. HP: 36/40 MP: 5/5
  1202 | D:2      | Found a faded altar of an unknown god.
  1620 | D:2      | Noticed a phantom
  1924 | D:3      | Reached skill level 5 in Axes
  1980 | D:3      | Reached XP level 5. HP: 47/47 MP: 7/7
  2374 | D:3      | Reached *** piety under Lugonu
  3358 | D:4      | Found Yxkuisk's Armour Shop.
  3373 | D:4      | Reached XP level 6. HP: 30/55 MP: 8/8
  3579 | D:4      | Found an iron altar of Okawaru.
  3733 | D:4      | Found an ornate altar of the Wu Jian Council.
  3924 | D:4      | Reached skill level 6 in Axes
  4039 | D:4      | Found an opulent altar of Gozag.
  4300 | D:5      | Entered Level 5 of the Dungeon
  4346 | D:5      | Reached skill level 5 in Fighting
  4411 | D:5      | Found a sand-covered staircase.
  4417 | Ossuary  | Entered an ossuary
  4658 | Ossuary  | Reached **** piety under Lugonu
  4699 | Ossuary  | Reached XP level 7. HP: 54/61 MP: 10/10
  5016 | Ossuary  | Reached skill level 7 in Axes
  5623 | D:4      | Reached skill level 5 in Invocations
  5623 | D:4      | Reached XP level 8. HP: 60/70 MP: 11/11
  5638 | D:5      | Reached skill level 8 in Axes
  5788 | D:5      | Reached skill level 5 in Armour
  5882 | D:5      | Found Benaob's Assorted Antiques.
  6116 | D:5      | Noticed Pikel
  6131 | D:5      | Killed Pikel
  6132 | D:5      | Reached skill level 9 in Axes
  6851 | D:5      | Reached XP level 9. HP: 21/78 MP: 13/13
  7171 | D:6      | Reached skill level 10 in Axes
  7900 | D:6      | Reached skill level 11 in Axes
  8129 | D:6      | Found a shadowy altar of Dithmenos.
  8130 | D:6      | Found a shimmering blue altar of Sif Muna.
  8131 | D:6      | Found a stormy altar of Qazlal.
  8384 | D:6      | Found a staircase to the Ecumenical Temple.
  8401 | Temple   | Entered the Ecumenical Temple
  8623 | D:6      | Reached XP level 10. HP: 55/83 MP: 16/16
  9151 | D:6      | Found a hazy altar of Hepliaklqana.
  9152 | D:6      | Found a shimmering altar of Xom.
  9153 | D:6      | Noticed a spectral ugly thing
  9169 | D:6      | Reached skill level 12 in Axes
  9446 | D:7      | Noticed Dowan
  9447 | D:7      | Found a broken altar of Ashenzari.
  9447 | D:7      | Noticed Duvessa
  9517 | D:7      | Reached ***** piety under Lugonu
  9829 | D:7      | Noticed Menkaure
  9850 | D:7      | Killed Menkaure
  9867 | D:7      | Noticed a manticore
 10137 | D:7      | Killed Duvessa
 10141 | D:7      | Killed Dowan
 10192 | D:7      | Banished a manticore
 10897 | D:7      | Noticed Harold
 10916 | D:7      | Corrupted D:7
 10916 | D:7      | Noticed a thrashing horror
 10916 | D:7      | Noticed a starcursed mass
 10916 | D:7      | Noticed a rakshasa
 10916 | D:7      | Noticed a smoke demon
 10916 | D:7      | Noticed a dread lich
 10916 | D:7      | Noticed a thrashing horror
 10916 | D:7      | Noticed a death knight
 10916 | D:7      | Noticed a tentacled starspawn
 10916 | D:7      | Noticed a large abomination
 10916 | D:7      | Noticed a spatial maelstrom
 10916 | D:7      | Noticed a tentacled starspawn
 10916 | D:7      | Noticed a necromancer
 10916 | D:7      | Noticed a vampire mage
 10916 | D:7      | Noticed a thrashing horror
 10917 | D:7      | Noticed a Hell Sentinel
 10917 | D:7      | Noticed a large abomination
 10917 | D:7      | Noticed a rakshasa
 10920 | D:7      | Killed Harold
 10937 | D:7      | Noticed a guardian serpent
 10950 | D:7      | Noticed a large abomination
 10952 | D:7      | Noticed a guardian serpent
 11242 | D:8      | Noticed a six-headed hydra
 11247 | D:8      | Banished a six-headed hydra
 11248 | D:8      | Reached skill level 13 in Axes
 11608 | D:8      | Found a sacrificial altar of Ru.
 11608 | D:8      | Found a hide-covered altar of Uskayaw.
 11728 | D:8      | Reached XP level 11. HP: 88/97 MP: 18/18
 11900 | D:8      | Noticed Psyche
 11930 | D:8      | Killed Psyche
 11961 | D:8      | Noticed a lindwurm
 11961 | D:8      | Noticed a lindwurm
 11975 | D:8      | Noticed a lindwurm
 12132 | D:8      | Noticed a lindwurm
 12488 | D:4      | Bought a +1 pair of boots of stealth for 231 gold pieces
 12664 | D:9      | Noticed a death yak
 12664 | D:9      | Found a staircase to the Lair.
 12705 | D:9      | Noticed a death yak
 12793 | D:9      | Reached skill level 14 in Axes
 12799 | D:9      | Noticed a death yak
 12849 | D:8      | Killed a death yak
 12850 | D:8      | Reached skill level 10 in Invocations
 13024 | D:8      | Killed a death yak
 13025 | D:8      | Reached skill level 10 in Fighting
 13168 | D:8      | Killed a death yak
 13226 | D:9      | Found Bireuler's Distillery.
 13246 | D:9      | Found Diloecest's Weapon Shop.
 13298 | D:9      | Found a staircase to the Orcish Mines.
 13526 | D:9      | Noticed a centaur warrior
 13533 | D:9      | Killed a centaur warrior
 13778 | D:9      | Noticed Maurice
 13793 | D:9      | Killed Maurice
 13977 | D:9      | Found a sparkling altar of Nemelex Xobeh.
 13986 | D:9      | Found a blossoming altar of Fedhas.
 14146 | Lair:1   | Entered Level 1 of the Lair of Beasts
 14223 | Lair:1   | Reached skill level 15 in Axes
 14462 | Lair:1   | Identified a scroll of acquirement
 14463 | Lair:1   | Acquired a +3 executioner's axe of flaming
 14624 | Lair:1   | Noticed Nergalle
 14653 | Lair:1   | Killed Nergalle
 14900 | Lair:1   | Reached XP level 12. HP: 110/110 MP: 20/20
 14937 | Lair:1   | Reached skill level 16 in Axes
 15083 | Lair:1   | Noticed a five-headed hydra
 15094 | Lair:1   | Killed a one-headed hydra
 16020 | Lair:2   | Found a frozen archway.
 16029 | IceCv    | Entered an ice cave
 16135 | IceCv    | Reached skill level 17 in Axes
 17060 | IceCv    | Slain by an entropy weaver simulacrum

Illustrated notes

Levels and vault maps discovered:
D:1:      wander_arrival_desolate, layout_rooms
D:2:      layout_rooms, ebering_ecumenical_altar_mist
D:3:      layout_basic, solitary_fountain
D:4:      layout_loops_corners, nzn_wu_jian_contemplation,
          overflow_temple_1_default, mainiacjoe_overflow_six_doors_small,
          serial_shops, nicolae_shop_stone
D:5:      layout_rooms, serial_shops, shop, gup_ossuary_entry_pyramid,
          uniq_pikel
D:6:      layout_basic, regret_index_temple_of_mockery,
          grunt_temple_overflow_open, minmay_temple_entry_stoned_glass,
          minmay_joined_circles
D:7:      layout_rooms, cheibrodos_ashenzari_chains, minmay_manual_monolith,
          uniq_menkaure, uniq_duvessa, uniq_harold
D:8:      layout_cave_pools, mainiacjoe_overflow_divided_tiny,
          minmay_lindwurm_lava, uniq_psyche
D:9:      layout_irregular_city, mainiacjoe_overflow_swirl, dpeg_lair_monsters,
          david_orc_3, serial_shops, nicolae_shop_crystal,
          nicolae_inconvenience_store, uniq_maurice
Temple:   compressed_dpeg_triangle_lava_temple
Lair:1:   layout_cellular_growth, uniq_nergalle
Lair:2:   layout_chaotic_city, portal_ice_cave_entry_pillars_1,
          infiniplex_staircase_pool, uniq_erica
IceCv:    ice_cave_small_demon

Skill      XL: |  1  2  3  4  5  6  7  8  9 10 11 12 |
---------------+-------------------------------------+-----
Axes           | 3 4 5 6 7 9 11 13 15 17 | 17.5
Fighting       | 4 5 6 8 9 11 12 | 12.1
Armour         | 3 4 5 7 8 9 |  9.4
Invocations    | 3 4 5 6 8 9 10 | 10.8
Dodging        | |  0.7

Action                   |  1- 3 |  4- 6 |  7- 9 | 10-12 || total
-------------------------+-------+-------+-------+-------++-------
Melee: Hand axe          |    41 |    51 |   340 |   529 ||   961
       Dagger            |    95 |   213 |   200 |    28 ||   536
       Unarmed           |       |       |       |     4 ||     4
       Executioner's axe |       |       |       |    23 ||    23
Invok: Bend Space        |       |     1 |       |       ||     1
       Banish            |       |       |       |     6 ||     6
       Corrupt           |       |       |       |     1 ||     1
  Use: Scroll            |       |     8 |     4 |     7 ||    19
       Potion            |       |       |     5 |     2 ||     7
 Stab: Confused          |       |       |       |     1 ||     1
Armor: Leather armour    |    33 |    17 |       |       ||    50
       Chain mail        |       |    90 |   298 |   266 ||   654
       Ring mail         |       |     4 |       |       ||     4
       Skin              |       |       |       |     2 ||     2
Dodge: Dodged            |    95 |   133 |   198 |   274 ||   700

Table legend: (Time is in decaauts)
 A = Elapsed time spent in this place.
 B = Non-inter-level travel time spent in this place.
 C = Inter-level travel time spent in this place.
 D = Time resting spent in this place.
 E = Time spent auto-exploring this place.
 F = Levels seen in this place.
 G = Mean time per level.
                   A        B        C        D        E       F      G
               +--------+--------+--------+--------+--------+-----+--------+
         Total |  16796 |  16257 |    539 |   4371 |   8343 |  15 | 1119.7 |
       Dungeon |  12957 |  12457 |    500 |   3258 |   6440 |   9 | 1439.7 |
        Temple |    119 |    102 |     17 |      0 |     98 |   1 |  119.0 |
          Lair |   1826 |   1804 |     22 |      0 |   1543 |   2 |  913.0 |
         Abyss |     23 |     23 |      0 |      0 |      6 |   1 |   23.0 |
       Ossuary |    881 |    881 |      0 |    361 |    255 |   1 |  881.0 |
      Ice Cave |    988 |    988 |      0 |    751 |      1 |   1 |  988.0 |
               +--------+--------+--------+--------+--------+-----+--------+

Top non-repeatable levels by time:
     D:6: 2722 daAuts
  Lair:1: 1750 daAuts
     D:5: 1746 daAuts
     D:8: 1698 daAuts
     D:4: 1457 daAuts
     D:3: 1297 daAuts
     D:7: 1197 daAuts
     D:9: 1054 daAuts
   IceCv: 988 daAuts
     D:2: 907 daAuts
 Ossuary: 881 daAuts
     D:1: 875 daAuts
  Temple: 119 daAuts
  Lair:2: 76 daAuts
 Abyss:1: 23 daAuts
